 Dungeon Crawl Stone Soup version 0.29.1-15-g9cfb28693d (webtiles) character file.

Game seed: 14472149988192013723

105 Peloso the Covered (level 4, -1/40 HPs)
             Began as a Minotaur Fighter on Mar 13, 2023.
             Slain by Grinder (7 damage)
             ... on level 3 of the Dungeon.
             The game lasted 00:03:23 (1689 turns).

Peloso the Covered (Minotaur Fighter)               Turns: 1689, Time: 00:03:24

Health: -1/40      AC:  8    Str: 19 (21) XL:     4   Next: 53%
Magic:  3/3        EV:  9    Int:  3 (5)  God:
Gold:   67         SH:  4    Dex: 10 (11) Spells: 3/3 levels left

rFire   . . .      SeeInvis .   a - +0 long sword
rCold   . . .      Faith    .   d - +0 buckler
rNeg    . . .      Spirit   .   b - +0 scale mail
rPois   .          Reflect  .   (helmet restricted)
rElec   .          Harm     .   (no cloak)
rCorr   +          Rampage  .   c - +0 pair of gloves
Will    .....                   (no boots)
Stlth   ..........              (no amulet)
HPRegen 0.13/turn               e - ring of resist corrosion
MPRegen 0.08/turn               (no ring)

@: no status effects
A: horns 2, retaliatory headbutt
a: no special abilities


You were on level 3 of the Dungeon.
You visited 1 branch of the dungeon, and saw 3 of its levels.

You collected 136 gold pieces.
You spent 69 gold pieces at shops.

Inventory:

Hand Weapons
 a - a +0 long sword (weapon)
Armour
 b - a +0 scale mail (worn)
 c - a +0 pair of gloves (worn)
 d - a +0 buckler (worn)
Jewellery
 e - a ring of resist corrosion (left hand)
 h - a ring of fire
Scrolls
 f - 2 scrolls of fear {unknown}
 j - 2 scrolls of poison {unknown}
 l - 2 scrolls of identify {unknown}
Potions
 g - a potion of might
 i - a potion of magic
 k - a potion of curing {unknown}
 m - a potion of berserk rage {unknown}
 n - a potion of mutation {unknown}
 o - a potion of flight {unknown}
 p - a potion of invisibility {unknown}


   Skills:
 + Level 4.0 Fighting
 + Level 3.9 Long Blades
 + Level 4.4 Armour
 + Level 1.0 Dodging
 + Level 0.1 Stealth
 + Level 4.3 Shields


You had 3 spell levels left.
You didn't know any spells.
Your spell library contained the following spells:

 Spells                   Type           Power      Damage    Failure   Level
 Apportation              Tloc           0%         N/A       93%         1
 Magic Dart               Conj           0%         1d3       93%         1
 Necrotise                Necr           0%         1d4       93%         1
 Summon Small Mammal      Summ           0%         N/A       93%         1
 Call Imp                 Summ           0%         N/A       98%         2
 Mephitic Cloud           Conj/Pois/Air  0%         N/A       100%        3
 Animate Dead             Necr           0%         N/A       100%        4
 Borgnjor's Vile Clutch   Necr/Erth      0%         N/A       100%        5
 Death Channel            Necr           0%         N/A       100%        6


Dungeon Overview and Level Annotations

Branches:
Dungeon (3/15)

Altars:

Shops:
D:2 *

Annotations:
D:3 Grinder


Innate Abilities, Weirdness & Mutations

You have a pair of horns on your head.
You reflexively headbutt those who attack you in melee.


Message History

The frilled lizard hisses angrily.
A frilled lizard is nearby!
Grinder comes into view.
Grinder shouts!
The frilled lizard bites you but does no damage.
The frilled lizard attacks as you move away!
The frilled lizard bites you but does no damage.
You aren't carrying any items that you can evoke.
Unknown command.
You closely miss the frilled lizard. You block the frilled lizard's attack.
You barely miss the frilled lizard. The frilled lizard closely misses you.
You furiously retaliate!
You headbutt the frilled lizard!
You kill the frilled lizard!
Grinder gestures at you. Pain shoots through your body!
You block Grinder's attack.
You see here a frilled lizard corpse.
You hit Grinder. Your headbutt misses Grinder.
Grinder is lightly wounded.
Grinder hits you. You block Grinder's attack.
You barely miss Grinder.
Grinder is lightly wounded.
A bat comes into view.
Grinder gestures at you. Pain shoots through your body!
The bat moves out of view.
You hit Grinder.
Grinder is lightly wounded.
Grinder hits you.
You closely miss Grinder.
Grinder is lightly wounded.
Grinder gestures at you.
You barely resist. You barely miss Grinder.
Grinder is lightly wounded.
Grinder gestures at you. Pain shoots through your body!
* * * LOW HITPOINT WARNING * * *
Grinder hits you but does no damage.
It was a potion of magic.
Magic courses through your body. Grinder hits you!
You die...

####<..#.# ##.##....#
.... #§..#...## .#...#
§§.?#..#### ......
#§..#...>.# #....##
##.##.....# #.....#
#####......#
#....[#####..##......#
#.....5@.............#
#............##......#
#...(........##......#
#....................#
#...............#####..#
###...........### ###
#####.......# #.......#
#.......#


You could see Grinder.

Vanquished Creatures
  Terence (D:2)
  An adder (D:2)
  A worm (D:3)
  4 dart slugs
  9 endoplasms
  A giant cockroach (D:1)
  4 hobgoblins (D:1)
  6 jackals
  2 quokkas
  6 ball pythons
  2 bats
  2 frilled lizards
  7 goblins
  3 kobolds
  3 rats (D:1)
52 creatures vanquished.

Notes
Turn   | Place    | Note
-------+----------+-------------------------------------------
     0 | D:1      | Peloso the Minotaur Fighter began the quest for the Orb.
     0 | D:1      | Reached XP level 1. HP: 19/19 MP: 0/0
   104 | D:1      | Reached XP level 2. HP: 27/27 MP: 1/1
   446 | D:1      | Reached XP level 3. HP: 33/33 MP: 2/2
  1153 | D:2      | Noticed Terence
  1160 | D:2      | Killed Terence
  1161 | D:2      | Reached XP level 4. HP: 40/40 MP: 3/3
  1399 | D:2      | Found Past's Assorted Antiques.
  1402 | D:2      | Bought a scroll labelled AHURISIMNA for 15 gold pieces
  1402 | D:2      | Bought a scroll labelled BIHEFE ROCOATAK for 15 gold pieces
  1402 | D:2      | Bought a black potion for 13 gold pieces
  1402 | D:2      | Bought a lumpy red potion for 13 gold pieces
  1402 | D:2      | Bought a fuming emerald potion for 13 gold pieces
  1608 | D:3      | Reached skill level 1 in Dodging
  1675 | D:3      | Noticed Grinder
  1689 | D:3      | Slain by Grinder

Illustrated notes

Levels and vault maps discovered:
D:1:      minmay_arrival_doors, layout_basic
D:2:      layout_rooms, serial_shops, nicolae_shop_behind_doors, uniq_terence
D:3:      due_chaos_kobolds, layout_rooms, tso_altar,
          mainiacjoe_overflow_alcove_1, gammafunk_temple_overflow_wave,
          shapermc_ecumenical_altar_totnotflames, uniq_grinder

Skill      XL: |  1  2  3  4 |
---------------+-------------+-----
Shields        | 4 |  4.3
Armour         | 4 |  4.4
Long Blades    | 3 |  3.9
Fighting       | 4 |  4.0
Dodging        | 1 |  1.0
Stealth        | |  0.1

Action                   |  1- 3 |  4- 6 || total
-------------------------+-------+-------++-------
Melee: Long sword        |    95 |    35 ||   130
       Headbutt          |     5 |     6 ||    11
  Use: Potion            |     2 |     1 ||     3
Armor: Scale mail        |    67 |    24 ||    91
Dodge: Dodged            |    55 |    19 ||    74
Block: Buckler           |    28 |    13 ||    41
